 Dungeon Crawl Stone Soup version 0.31-a0-204-g7da18cac08 (webtiles) character file.

Game seed: 2365836611281657321

137 qw the Skirmisher (level 5, -2/29 HPs)
             Began as a Deep Elf Hunter on June 27, 2023.
             Was an Initiate of Okawaru.
             Slain by a gnoll
             ... wielding a +0 halberd
              (9 damage)
             ... on level 4 of the Dungeon.
             The game lasted 00:00:42 (2736 turns).

qw the Skirmisher (Deep Elf Hunter)                 Turns: 2736, Time: 00:00:43

Health: -2/29      AC:  6    Str: 10    XL:     5   Next: 0%
Magic:  7/7        EV: 11    Int: 14    God:    Okawaru [......]
Gold:   224        SH:  0    Dex: 18    Spells: 4/4 levels left

rFire   . . .        Y - +1 shortbow
rCold   . . .        (shield currently unavailable)
rNeg    + . .        g - +0 ring mail
rPois   .            (no helmet)
rElec   .            (no cloak)
rCorr   .            e - +0 pair of gloves
SInv    .            (no boots)
Will    .....        (no amulet)
Stlth   +            h - ring of positive energy
HPRegen 0.24/turn    (no ring)
MPRegen 0.10/turn

%: no passive effects
@: lethally poisoned (-2 -> -4)
A: no striking features
a: Renounce Religion


You were on level 4 of the Dungeon.
You worshipped Okawaru.
Okawaru was noncommittal.
You visited 1 branch of the dungeon, and saw 4 of its levels.

You collected 224 gold pieces.


   Skills:
 - Level 1.5 Fighting
 + Level 8.4 Ranged Weapons
 - Level 2.4 Dodging
 - Level 1.2 Stealth


You had 4 spell levels left.
You didn't know any spells.
Your spell library was empty.

Inventory:

Hand Weapons
 Y - a +1 shortbow (weapon)
Armour
 e - a +0 pair of gloves (worn)
 g - a +0 ring mail (worn)
Jewellery
 h - a ring of positive energy (left hand)
Scrolls
 a - a scroll of identify
Potions
 b - a potion of heal wounds
 d - a potion of enlightenment

Dungeon Overview and Level Annotations

Branches:
Dungeon (4/15)
 Temple: D:4-7

Altars:
Okawaru


Message History

A hobgoblin comes into view.
You shoot an arrow. The arrow hits the hobgoblin!
You kill the hobgoblin!
Okawaru accepts your kill.
You see here a hobgoblin corpse.
A gnoll comes into view. It is wielding a +0 whip.
The gnoll shouts!
You hear a shout! x2
A gnoll comes into view. It is wielding a +0 halberd.
A gnoll comes into view. It is wielding a +4 spear.
A gnoll comes into view. It is wielding a +1 whip of venom.
2728 ||| Stepping ~*~*~tactically~*~*~ (outnumbered).
You shoot an arrow. The arrow hits the gnoll!
The gnoll is heavily wounded.
You hear a shout!
You shoot an arrow. The arrow hits the gnoll.
You kill the gnoll!
Okawaru accepts your kill.
You shoot an arrow. The arrow hits the gnoll!
The gnoll is severely wounded.
The gnoll hits you with a +1 whip of venom.
You are poisoned.
You shoot an arrow. The arrow hits the gnoll!
You kill the gnoll!
Okawaru accepts your kill.
You feel very sick.
You have reached level 5!
You shoot an arrow.
The arrow hits the gnoll but does no damage.
You feel sick. The gnoll barely misses you.
You shoot an arrow. The arrow barely misses the gnoll.
You feel sick. The gnoll closely misses you.
The gnoll hits you from afar with a +0 halberd!
You shoot an arrow. The arrow hits the gnoll.
The gnoll is lightly wounded.
You feel sick. The gnoll misses you. The gnoll hits you but does no damage.
You shoot an arrow. The arrow hits the gnoll!
The gnoll is severely wounded.
You feel sick. The gnoll barely misses you.
The gnoll hits you from afar with a +0 halberd!
You die...

#.##.+.....##.#...
#.##.#.....##.#...
#.##.#[....##.#... #####
#.##..............
...g...?###########.#.##
......#)##########<.....
..gg..g............##.##
#g# ###.....##.#
#@######.###.##.#
#%.......# #.##.#
#..####### #.##(# #..#
#.##.# #..# #.#<.# #..#
#.#### #..# .. ...# #.##


You could see 2 gnolls.

Vanquished Creatures
  5 gnolls
  3 adders
  A worm (D:3)
  5 ball pythons
  8 endoplasms
  3 giant cockroaches
  3 goblins
  8 hobgoblins
  2 quokkas
  3 bats (D:2)
  3 frilled lizards
  7 kobolds
  9 rats
60 creatures vanquished.

Notes
Turn   | Place    | Note
-------+----------+-------------------------------------------
     0 | D:1      | qw the Deep Elf Hunter began the quest for the Orb.
     0 | D:1      | Reached XP level 1. HP: 12/12 MP: 3/3
     0 | D:1      | 0 ||| qw: Version: 0.3-a-22-g0ed2b0b
     0 | D:1      | 0 ||| qw: Game counter: 6376
     0 | D:1      | 0 ||| qw: Melee chars always use a shield: true
     0 | D:1      | 0 ||| qw: God list: Okawaru
     0 | D:1      | 0 ||| qw: Allow faded altars: false
     0 | D:1      | 0 ||| qw: Do Orc after clearing Dungeon:15 true
     0 | D:1      | 0 ||| qw: Do second Lair branch before Depths: true
     0 | D:1      | 0 ||| qw: Lair rune preference: random
     0 | D:1      | 0 ||| qw: Goals: Normal
     0 | D:1      | 0 ||| PLANNING D:1-11
   192 | D:1      | Reached skill level 6 in Ranged Weapons
   192 | D:1      | Reached XP level 2. HP: 16/16 MP: 4/4
   373 | D:1      | 373 ||| Stepping ~*~*~tactically~*~*~ (outnumbered).
   636 | D:1      | 636 ||| UPGRADING to +0 pair of gloves.
   641 | D:1      | 641 ||| UPGRADING to +0 ring mail.
   651 | D:1      | 651 ||| DROPPING +0 leather armour.
   652 | D:1      | 652 ||| READING scroll labelled AZABIX ERHI.
   653 | D:1      | 653 ||| DROPPING scroll of butterflies.
   664 | D:2      | Found a faded altar of an unknown god.
   827 | D:2      | Reached XP level 3. HP: 20/20 MP: 5/5
  1085 | D:2      | Reached skill level 7 in Ranged Weapons
  1307 | D:2      | 1307 ||| UPGRADING to ring of positive energy.
  1308 | D:2      | 1308 ||| READING 2 scrolls labelled UBRESO DOATRI.
  1309 | D:2      | 1309 ||| READING 2 scrolls labelled VEICLO FEOS.
  1310 | D:2      | 1310 ||| READING scroll labelled PAUKLEIGHAG.
  1411 | D:2      | 1411 ||| READING scroll labelled ZIS RASHEPYDU.
  1415 | D:2      | 1415 ||| DROPPING scroll of revelation.
  1502 | D:3      | Found an iron altar of Okawaru.
  1503 | D:3      | 1503 ||| PLANNING OKAWARU WORSHIP
  1503 | D:3      | 1503 ||| READING scroll labelled MOMAHA DIOFUES.
  1509 | D:3      | Became a worshipper of Warmaster Okawaru
  1510 | D:3      | 1510 ||| PLANNING D:1-11
  1861 | D:3      | Reached XP level 4. HP: 25/25 MP: 6/6
  1878 | D:3      | HP: 2/25 [gnoll/+0 halberd (6)]
  1880 | D:3      | Reached skill level 8 in Ranged Weapons
  2554 | D:3      | 2554 ||| READING 4 scrolls of identify.
  2554 | D:3      | 2554 ||| IDENTIFYING ruby potion
  2555 | D:3      | 2555 ||| READING 3 scrolls of identify.
  2555 | D:3      | 2555 ||| IDENTIFYING red potion
  2556 | D:3      | 2556 ||| READING 2 scrolls of identify.
  2556 | D:3      | 2556 ||| IDENTIFYING pink potion
  2557 | D:3      | 2557 ||| DROPPING potion of brilliance.
  2728 | D:4      | 2728 ||| Stepping ~*~*~tactically~*~*~ (outnumbered).
  2733 | D:4      | Reached XP level 5. HP: 21/29 MP: 7/7
  2736 | D:4      | HP: 7/29 [poisoned by a gnoll]
  2736 | D:4      | Slain by a gnoll

Levels and vault maps discovered:
D:1:      lemuel_arrival_rhombus, layout_loops_cross, serial_forest,
          infiniplex_forest_lined_corner, infiniplex_forest_lined_room_3,
          infiniplex_forest_lined_corner, infiniplex_forest_diagonal,
          infiniplex_forest_clump_cross
D:2:      layout_basic, dreamdust_ecumenical_altar_grove
D:3:      layout_basic, okawaru_metal_pillars_1_2, roderic_lattice_a,
          chequers_serial_rivers_small_3, minmay_misc_feat_rugged
D:4:      layout_basic, ebering_ghost_disaster_area

Skill      XL: |  1  2  3  4 |
---------------+-------------+-----
Ranged Weapons | 6 7 8 |  8.4
Fighting       | |  1.5
Dodging        | |  2.4
Stealth        | |  1.2

Action                     |  1- 3 |  4- 6 || total
---------------------------+-------+-------++-------
   Fire: Shortbow          |   101 |    37 ||   138
    Use: Scroll            |     6 |     3 ||     9
 Armour: Ring mail         |     5 |     2 ||     7
  Dodge: Dodged            |     8 |    15 ||    23

Table legend:
 A = Non-vault XP
 B = Vault XP
 C = Vault XP percentage of total XP
 D = Non-vault monster count
 E = Vault monster count
 F = Vault count percentage of total count
                 A         B        C        D         E       F
            +---------+---------+-------+---------+---------+-------
      Total |     196 |       0 |   0.0 |      60 |       0 |   0.0
            +---------+---------+-------+---------+---------+-------
        D:1 |      30 |       0 |   0.0 |      18 |       0 |   0.0
        D:2 |      38 |       0 |   0.0 |      18 |       0 |   0.0
        D:3 |      91 |       0 |   0.0 |      17 |       0 |   0.0
        D:4 |      37 |       0 |   0.0 |       7 |       0 |   0.0
            +---------+---------+-------+---------+---------+-------
